AoeStats
← けい

Coastal Forest

503087449Analyzed
4v4 RM · 1mo ago on Aug 30, 2026· 18m 1s· 8 players
Game mode
Random Map
Map size
Large (8 player)
Population
200
Speed
Normal
Resources
Standard
Victory
Conquest
Starting age
Dark Age
Ending age
Imperial Age
RankedLock teamsTeams togetherTeam positionsShared explorationLock speedFull tech treeHidden civsTurbo modeCheats
Victory
Defeat
🇹🇼 Mongols · Taiwan
1386
+11
🇨🇳 Hindustanis · China
1236
+18
🇨🇳 Teutons · China
1234
+18
🇻🇳 Magyars · Vietnam
1219
+19
🇹🇼 Persians · Taiwan
1288
-17
🇦🇹 Tatars · Austria
1274
-16
🇯🇵 Turks · Japan
1274
-16
🇸🇮 Khmer · Slovenia
1264
-16
IRON MIKE
5:38 Loom
8:32 Feudal Age
12:09 Town Watch
13:24 Double-Bit Axe
17:44 Forging
17:45 Scale Barding Armor
けい
0:45 Loom
11:54 Feudal Age
12:35 Double-Bit Axe
16:57 Castle Age
15:51 Horse Collar
16:01 Gold Mining
16:23 Forging
cupubangetz
10:12 Feudal Age
10:38 Double-Bit Axe
10:55 Loom
18:13 Castle Age
16:13 Horse Collar
17:54 Stone Mining
disco_lama
7:09 Loom
9:30 Feudal Age
16:27 Bloodlines
越南王力宏
12:03 Feudal Age
13:34 Double-Bit Axe
14:38 Loom
20:39 Castle Age
天線小號
6:08 Loom
8:53 Feudal Age
10:12 Double-Bit Axe
13:05 Scale Barding Armor
15:27 Forging
litchi
6:29 Loom
9:26 Feudal Age
9:53 Man-at-Arms
12:23 Double-Bit Axe
13:41 Horse Collar
muui
11:43 Feudal Age
10:03 Loom
10:34 Loom
17:09 Castle Age
16:14 Double-Bit Axe
16:11 Horse Collar
Connection lost

Rejoining the realm…

Still unreachable

The connection could not be restored.

Session expired

The server has moved on; the page needs a fresh start.